AoeStats
← I3OPOH

Arena

510620634Analyzed
1v1 RM · 11h ago on Oct 1, 2026· 29m 49s· 2 players
Game mode
Random Map
Map size
Tiny (2 player)
Population
200
Speed
Normal
Resources
Standard
Victory
Conquest
Starting age
Dark Age
Ending age
Imperial Age
RankedLock teamsTeams togetherTeam positionsShared explorationLock speedFull tech treeHidden civsTurbo modeCheats
Victory
Defeat
🇲🇽 Portuguese · Mexico
812
+16
🇲🇩 Mongols · Moldova
812
-42
Blackbird Fly
7:47 Loom
10:17 Feudal Age
12:06 Double-Bit Axe
17:10 Castle Age
18:16 Fletching
19:28 Bodkin Arrow
21:28 Bow Saw
25:25 Gold Mining
29:17 Padded Archer Armor
I3OPOH
9:29 Feudal Age
10:23 Feudal Age
11:34 Loom
16:00 Wheelbarrow
16:23 Scale Barding Armor
23:20 Castle Age
21:11 Horse Collar
28:32 Chain Barding Armor
28:14 Padded Archer Armor
Connection lost

Rejoining the realm…

Still unreachable

The connection could not be restored.

Session expired

The server has moved on; the page needs a fresh start.